 Dungeon Crawl Stone Soup version 0.24-a0-618-ge4662a2 (webtiles) character file.

Game seed: 1062652797220414109, levelgen mode: deterministic

75144 BoppinsLewinski the Impaler (level 15, -29/122 HPs)
             Began as a Demonspawn Fighter on Sept 16, 2019.
             Was an Initiate of Gozag.
             Annihilated by an ettin
             ... wielding a +0 dire flail
              (41 damage)
             ... on level 14 of the Dungeon.
             The game lasted 01:19:17 (30691 turns).

BoppinsLewinski the Impaler (Demonspawn Fighter)   Turns: 30691, Time: 01:19:18

Health: -29/122    AC: 21    Str: 27    XL:     15   Next: 8%
Magic:  22/22      EV: 13    Int: 10    God:    Gozag
Gold:   1489       SH:  3    Dex: 15    Spells: 14/14 levels left

rFire    . . .     SeeInvis .   w - +0 glaive
rCold    + + .     Gourm    .   (shield currently unavailable)
rNeg     + . .     Faith    .   F - +1 plate armour of the Assorted Tables {+Blink Dex+3}
rPois    +         Spirit   .   d - +2 hat of Votrach {rN+ Regen+ Str+4}
rElec    .         Reflect  +   c - +0 cloak
rCorr    .         Harm     .   x - +1 pair of gloves
MR       +....                  (no boots)
Stlth    ..........             J - +3 amulet of reflection
HPRegen  0.70/turn              (no ring)
MPRegen  0.18/turn              u - ring of protection from cold

@: no status effects
A: talons 2, cold resistance 1, foul stench 2, poison resistance, wild magic 1,
rot immunity
a: Potion Petition, Call Merchant, Bribe Branch, Renounce Religion, Evoke Blink


You were on level 14 of the Dungeon.
You worshipped Gozag.
Gozag was most pleased with you.
You were very hungry.

You visited 3 branches of the dungeon, and saw 22 of its levels.

You collected 7244 gold pieces.
You spent 700 gold pieces at shops.
You paid 5055 gold pieces to Gozag.

Inventory:

Hand Weapons
 k - a +3 quarterstaff
 w - a +0 glaive (weapon)
Armour
 c - a +0 cloak (worn)
 d - the +2 hat of Votrach (worn) {rN+ Regen+ Str+4}
   (You found it on level 2 of the Orcish Mines)

   It affects your strength (+4).
   It protects you from negative energy.
   It increases your rate of regeneration.
 x - a +1 pair of gloves (worn)
 F - the +1 plate armour of the Assorted Tables (worn) {+Blink Dex+3}
   (You bought it in a shop on level 3 of the Lair of Beasts)

   It affects your dexterity (+3).
   It lets you blink.
Jewellery
 u - a ring of protection from cold (right hand)
 J - a +3 amulet of reflection (around neck)
Wands
 a - a wand of enslavement (6)
 n - a wand of flame (17)
 y - a wand of digging (3)
 z - a wand of paralysis (3)
 C - a wand of random effects (22)
Scrolls
 e - 6 scrolls of amnesia
 g - 9 scrolls of magic mapping
 h - 5 scrolls of enchant weapon
 i - 4 scrolls of blinking
 j - 2 scrolls of immolation
 m - a scroll of enchant armour
 r - 3 scrolls of remove curse
 B - a scroll of identify
 E - a scroll of noise {unknown}
 I - a scroll of acquirement {unknown}
 K - a scroll of torment {unknown}
Potions
 b - 3 potions of ambrosia
 l - a potion of magic
 o - a potion of brilliance
 p - 2 potions of curing
 s - a potion of flight
 v - a potion of mutation
 A - a potion of cancellation
Miscellaneous
 t - a phial of floods
 G - a box of beasts
Comestibles
 f - 19 rations


   Skills:
 + Level 12.7 Fighting
 * Level 15.2 Polearms
 + Level 9.5 Armour
 + Level 9.3 Dodging
   Level 2.7 Shields
 + Level 10.0 Evocations


You had 14 spell levels left.
You didn't know any spells.
Your spell library contained the following spells:

 Spells                   Type           Power        Failure   Level  Hunger
 Animate Skeleton         Necr           N/A          99%         1    ##.....
 Freeze                   Ice            #...         99%         1    ##.....
 Magic Dart               Conj           #...         99%         1    ##.....
 Pain                     Necr           #...         99%         1    ##.....
 Shock                    Conj/Air       #...         99%         1    ##.....
 Summon Small Mammal      Summ           #...         99%         1    ##.....
 Blink                    Tloc           N/A          99%         2    ###....
 Call Imp                 Summ           #.......     99%         2    ###....
 Slow                     Hex            #.......     99%         2    ###....
 Swiftness                Chrm/Air       #.......     99%         2    ###....
 Throw Frost              Conj/Ice       #.....       99%         2    ###....
 Call Canine Familiar     Summ           #.......     100%        3    ####...
 Conjure Flame            Conj/Fire      #.......     100%        3    ####...
 Mephitic Cloud           Conj/Pois/Air  #.......     100%        3    ####...
 Ozocubu's Armour         Chrm/Ice       #.......     100%        3    ####...
 Regeneration             Chrm/Necr      #.........   100%        3    ####...
 Static Discharge         Conj/Air       #.......     100%        3    ####...
 Summon Guardian Golem    Hex/Summ       #.......     100%        3    ####...
 Vampiric Draining        Necr           #.........   100%        3    ####...
 Airstrike                Air            #.........   100%        4    #####..
 Animate Dead             Necr           N/A          100%        4    #####..
 Summon Ice Beast         Ice/Summ       #.......     100%        4    #####..
 Summon Lightning Spire   Summ/Air       #.......     100%        4    #####..
 Throw Icicle             Conj/Ice       #.......     100%        4    #####..
 Lightning Bolt           Conj/Air       #.........   100%        5    ######.


Dungeon Overview and Level Annotations

Branches:
Dungeon (14/15)            Temple (0/1) D:7            Lair (6/6) D:10
  Swamp (0/4) Lair:3        Snake (0/4) Lair:4        Slime (0/5) Lair:5
    Orc (2/2) D:9             Elf (0/3) Orc:2
 Vaults: D:13-14

Altars:
Elyvilon
Fedhas
Gozag
Sif Muna
Vehumet
Xom
The Shining One
Beogh
Jiyva

Shops:
D:11 (   D:12 *   Orc:2 ==*!*   Lair:3 *

Annotations:
D:12 1 runed translucent door, Fuwneuff's ghost, journeyman DsWn
D:14 exclusion: 4 oklob plants


Innate Abilities, Weirdness & Mutations

You have razor-sharp toenails.
Your flesh is cold resistant. (rC+)
You frequently emit foul miasma when damaged in melee.
You are immune to rotting.
Your system is resistant to poisons. (rPois)
Your spells are a little harder to cast, but a little more powerful.


Message History

Found 23 slin' bullets.
Found a robe.
Tha t'ngu warrior becomes distracted by yer gold, dreamin' o' imaginary riches.
An ettin comes inta view.
It be wieldin' two +0 dire flails.
Tha ettin shouts in stereo!
Tha ettin closely misses ye.
Tha ettin hits ye wit' a +0 dire flail!!
* * * LOW HITPOINT WARNIN'
* * * A sky beast comes inta view.
A killer bee an' a wight come inta view.
Tha sky beast barely misses ye.
Ye barely miss tha sky beast.
Yer kick misses tha sky beast.
Tha ettin hits ye wit' a +0 dire flail!!
* * * LOW HITPOINT WARNIN'
* * * Tha ettin misses ye.
Tha sky beast barely misses ye.
Ye barely miss tha sky beast.
Ye claw tha sky beast.
Tha sky beast be lightly wounded.
Tha ettin hits ye wit' a +0 dire flail!!!
Ye die...
Yer body crumbles inta a pile o' gold.

.................................
.................................
#######.#########..##############
#######............##############
.................................
.............########............
##########...########............
....................).........<..
...............C@Y..z)...........
###..............................
#..##########...y..............
###..##########..................
................y................
.................................
##..#########....................
#..# #.............. #..#
#.............


You could see an ettin, a sky beast, 2 killer bees and a wight.

Vanquished Creatures
  Azrael (D:13)
  A dire elephant (Lair:6)
  Snorg (D:14)
  Josephine (D:10)
  Harold (D:8)
  8 hydras
  A catoblepas (Lair:6)
  An anaconda (Lair:6)
  2 centaur warriors (D:14)
  A death yak (Lair:6)
  Nergalle (D:10)
  An unseen horror (D:14)
  A wizard (D:14)
  10 orc knights
  2 deep elf magi (Orc:2)
  Pikel (D:5)
  2 orc sorcerers (Orc:1)
  5 cyclopes
  6 ugly things
  A shining eye (shapeshifter) (D:14)
  7 elephants
  4 black mambas
  A torpor snail (Lair:6)
  Psyche (D:9)
  2 gargoyles (D:14)
  7 spiny frogs
  2 efreet (D:14)
  3 rime drakes
  2 kobold demonologists
  9 komodo dragons
  6 trolls
  A queen bee (D:14)
  3 meliai (D:14)
  Prince Ribbit (D:6)
  A hornet (D:11)
  Grinder (D:3)
  4 slime creatures (D:12)
  8 hippogriffs
  28 blink frogs
  A meliai zombie (D:14)
  2 tyrant leeches (Lair:3)
  32 yaks
  2 shadows
  6 wraiths
  4 fire elementals (D:13)
  A wyvern (Lair:4)
  4 basilisks
  A steam dragon (Lair:4)
  6 wargs
  A swamp worm (Lair:3)
  A naga (Lair:4)
  23 water moccasins
  3 hell hounds (D:13)
  Duvessa (D:6)
  A swamp drake (Orc:2)
  15 porcupines
  3 black bears
  36 orc warriors
  3 sky beasts
  4 ice beasts
  A slave (D:6)
  A phantom (D:5)
  6 wolves
  8 centaurs
  10 ogres
  10 crocodiles
  2 big kobolds
  A gnoll sergeant (D:8)
  16 bullfrogs
  Dowan (D:6)
  A wyvern zombie (D:13)
  6 scorpions
  22 killer bees (D:14)
  12 wights
  6 howler monkeys
  5 electric eels
  9 crimson imps
  3 centaur zombies
  A quasit (D:5)
  3 bullfrog zombies
  9 hounds
  A jelly (D:9)
  25 orc wizards
  4 centaur skeletons
  10 orc priests
  An iron imp (Orc:2)
  4 iguanas
  5 bullfrog skeletons
  9 worker ants
  3 hound skeletons
  3 worker ant zombies
  6 gnolls (D:8)
  15 adders
  4 shadow imps
  A white imp (Orc:2)
  2 oozes
  2 worms
  A dart slug (D:2)
  5 leopard geckos
  86 orcs
  7 giant cockroaches
  3 goblins (D:3)
  7 hobgoblins
  4 jackals
  6 quokkas
  2 ball pythons
  A bat (D:1)
  3 frilled lizards
  17 kobolds
  A leopard gecko skeleton (D:9)
  10 rats
  A butterfly (Lair:3)
  A fungus (Lair:5)
  3 plants (Lair:6)
675 creatures vanquished.

Vanquished Creatures (collateral kills)
  4 dire elephants (Lair:6)
  A bullfrog (D:14)
  2 killer bees (D:14)
7 creatures vanquished.

Vanquished Creatures (others)
  A centaur (D:10)
  A killer bee (D:14)
  An orc wizard (Orc:2)
  3 bushes
  9 fungi
  19 plants
34 creatures vanquished.

Grand Total: 716 creatures vanquished

Notes
Turn   | Place    | Note
-------+----------+-------------------------------------------
     0 | D:1      | BoppinsLewinski the Demonspawn Fighter began the quest for
                  | the Orb.
     0 | D:1      | Reached XP level 1. HP: 18/18 MP: 1/1
    64 | D:1      | Reached skill level 2 in Polearms
   421 | D:1      | Gained mutation: You are immune to rotting. [demonic
                  | ancestry]
   421 | D:1      | Reached XP level 2. HP: 24/24 MP: 2/2
   657 | D:2      | Found a blossoming altar of Fedhas.
   747 | D:2      | Reached XP level 3. HP: 25/29 MP: 3/3
   749 | D:2      | Reached skill level 3 in Polearms
   915 | D:2      | Found an opulent altar of Gozag.
   915 | D:2      | Found a radiant altar of Vehumet.
  1572 | D:3      | Gained mutation: You have sharp toenails. [demonic
                  | ancestry]
  1572 | D:3      | Reached XP level 4. HP: 28/37 MP: 4/4
  1692 | D:3      | Noticed Grinder
  1706 | D:3      | Killed Grinder
  1706 | D:3      | Reached skill level 4 in Polearms
  1706 | D:3      | Reached XP level 5. HP: 16/43 MP: 5/5
  1706 | D:3      | Reached XP level 6. HP: 18/49 MP: 6/6
  2265 | D:3      | Reached skill level 5 in Polearms
  2696 | D:4      | Reached skill level 5 in Fighting
  2831 | D:4      | Found a shimmering altar of Xom.
  2967 | D:4      | Reached XP level 7. HP: 44/56 MP: 7/7
  3190 | D:5      | Entered Level 5 of the Dungeon
  3334 | D:5      | Reached skill level 6 in Polearms
  4030 | D:5      | Reached skill level 7 in Polearms
  4227 | D:6      | Gained mutation: You may emit foul miasma when damaged in
                  | melee. [demonic ancestry]
  4227 | D:6      | Reached XP level 8. HP: 51/64 MP: 8/8
  4345 | D:2      | Became a worshipper of Gozag Ym Sagoz the Greedy
  4914 | D:6      | Noticed Pikel
  5358 | D:5      | Killed Pikel
  5358 | D:5      | Reached skill level 8 in Polearms
  5657 | D:6      | Noticed Duvessa
  5657 | D:6      | Noticed Dowan
  5668 | D:6      | Killed Duvessa
  5668 | D:6      | Reached skill level 9 in Polearms
  5668 | D:6      | Reached XP level 9. HP: 63/72 MP: 9/9
  5686 | D:6      | Killed Dowan
  6061 | D:6      | Noticed Prince Ribbit
  6117 | D:6      | Killed Prince Ribbit
  6562 | D:7      | Found a staircase to the Ecumenical Temple.
  6699 | D:7      | Reached skill level 10 in Polearms
  6988 | D:8      | Found a white marble altar of Elyvilon.
  7416 | D:8      | Reached skill level 1 in Evocations
  7522 | D:8      | Reached skill level 1 in Dodging
  7726 | D:8      | Noticed Harold
  7749 | D:8      | Killed Harold
  7749 | D:8      | Reached XP level 10. HP: 64/83 MP: 11/11
  7866 | D:8      | Found a glowing golden altar of the Shining One.
  8060 | D:9      | Found a staircase to the Orcish Mines.
  8072 | D:9      | Noticed Psyche
  8083 | D:9      | Killed Psyche
  8903 | D:9      | Found a shimmering blue altar of Sif Muna.
  9030 | D:10     | Entered Level 10 of the Dungeon
  9202 | D:10     | Noticed Nergalle
  9214 | D:10     | Killed Nergalle
  9639 | D:10     | Got a translucent chain mail
  9647 | D:9      | Identified the cursed +0 chain mail of the Pleiades {rPois}
                  | (You found it on level 10 of the Dungeon)
  9672 | D:10     | Noticed Josephine
  9697 | D:10     | Killed Josephine
  9697 | D:10     | Reached skill level 11 in Polearms
  9712 | D:10     | Gained mutation: Your flesh is cold resistant. (rC+)
                  | [demonic ancestry]
  9712 | D:10     | Reached XP level 11. HP: 52/90 MP: 14/14
  9742 | D:10     | Reached skill level 5 in Armour
 10137 | D:10     | Reached skill level 10 in Fighting
 10351 | D:10     | Found a staircase to the Lair.
 10362 | D:10     | Reached skill level 5 in Evocations
 10832 | D:10     | Reached skill level 5 in Dodging
 10999 | Lair:1   | Entered Level 1 of the Lair of Beasts
 11639 | Lair:1   | Reached skill level 12 in Polearms
 13199 | Lair:2   | Reached XP level 12. HP: 64/98 MP: 16/16
 13962 | Lair:2   | Found a shimmering blue altar of Sif Muna.
 14943 | Lair:3   | Noticed a five-headed hydra
 14958 | Lair:3   | Killed a 14-headed hydra
 15455 | Lair:3   | Noticed a four-headed hydra
 15464 | Lair:3   | Killed a nine-headed hydra
 15738 | Lair:3   | Found a staircase to the Swamp.
 15740 | Lair:3   | Noticed a seven-headed hydra
 15745 | Lair:3   | Killed an 11-headed hydra
 16066 | Lair:3   | Bought a faintly glowing plate armour for 700 gold pieces
 16066 | Lair:3   | Identified the cursed +1 plate armour of the Assorted
                  | Tables {+Blink Dex+3} (You bought it in a shop on level 3
                  | of the Lair of Beasts)
 16398 | Lair:4   | Found a staircase to the Snake Pit.
 16959 | Lair:4   | Reached skill level 13 in Polearms
 17662 | Lair:5   | Noticed a six-headed hydra
 17671 | Lair:5   | Killed a nine-headed hydra
 17695 | Lair:4   | Gained mutation: You frequently emit foul miasma when
                  | damaged in melee. [demonic ancestry]
 17695 | Lair:4   | Reached XP level 13. HP: 52/106 MP: 18/18
 18224 | Lair:5   | Found a staircase to the Slime Pits.
 18224 | Lair:5   | Found a viscous altar of Jiyva.
 18985 | Lair:6   | Entered Level 6 of the Lair of Beasts
 19172 | Lair:6   | Gained mutation: You are somewhat resistant to further
                  | mutation. [potion of mutation]
 19172 | Lair:6   | Gained mutation: You are resistant to hostile enchantments.
                  | (MR+) [potion of mutation]
 19172 | Lair:6   | Gained mutation: You are covered in fur. (AC +1) [potion of
                  | mutation]
 20265 | Lair:5   | Lost mutation: You are somewhat resistant to further
                  | mutation. [potion of mutation]
 20265 | Lair:5   | Lost mutation: You are resistant to hostile enchantments.
                  | (MR+) [potion of mutation]
 20265 | Lair:5   | Lost mutation: You are covered in fur. (AC +1) [potion of
                  | mutation]
 20265 | Lair:5   | Gained mutation: You are dopey. (Int -2) [potion of
                  | mutation]
 20265 | Lair:5   | Gained mutation: You are clumsy. (Dex -2) [potion of
                  | mutation]
 20265 | Lair:5   | Gained mutation: Your flesh is very cold resistant. (rC++)
                  | [potion of mutation]
 20265 | Lair:5   | Lost mutation: You are dopey. (Int -2) [potion of mutation]
 20266 | Lair:5   | Lost mutation: You are clumsy. (Dex -2) [potion of
                  | mutation]
 20266 | Lair:5   | Lost mutation: Your flesh is very cold resistant. (rC++)
                  | [potion of mutation]
 20266 | Lair:5   | Gained mutation: Your spells are a little harder to cast,
                  | but a little more powerful. [potion of mutation]
 20266 | Lair:5   | Gained mutation: Your system is resistant to poisons.
                  | (rPois) [potion of mutation]
 21545 | Lair:6   | Noticed a dire elephant
 21772 | Lair:6   | Noticed a dire elephant
 21785 | Lair:6   | Killed a dire elephant
 21785 | Lair:6   | Reached skill level 14 in Polearms
 21806 | Lair:6   | Killed a dire elephant
 21824 | Lair:6   | Noticed a dire elephant
 21834 | Lair:6   | Killed a dire elephant
 21853 | Lair:6   | Noticed a dire elephant
 21853 | Lair:6   | Noticed a dire elephant
 21871 | Lair:6   | Killed a dire elephant
 21880 | Lair:6   | Killed a dire elephant
 22028 | Lair:6   | Noticed a dire elephant
 22259 | Orc:1    | Entered Level 1 of the Orcish Mines
 22752 | Orc:1    | Reached XP level 14. HP: 110/114 MP: 20/20
 23435 | Orc:2    | Entered Level 2 of the Orcish Mines
 23789 | Orc:2    | Found a staircase to the Elven Halls.
 25496 | Orc:2    | Got a pitted hat
 25507 | Orc:2    | Identified the +2 hat of Votrach {rN+ Regen+ Str+4} (You
                  | found it on level 2 of the Orcish Mines)
 25715 | Orc:2    | Found a roughly hewn altar of Beogh.
 25964 | Orc:2    | Found Woiraxte's Jewellery Shop.
 25964 | Orc:2    | Found Vump's Jewellery Shoppe.
 26497 | Orc:2    | Found Tatieruk's Assorted Antiques.
 26497 | Orc:2    | Found Ciutaket's Distillery.
 26786 | D:11     | Paralysed by a hornet for 3 turns
 26868 | D:11     | Found Zirhiun's Antique Weapon Shoppe.
 27628 | D:12     | Found a runed translucent door.
 27867 | D:12     | Found Peec's Mayhem Merchandise.
 27882 | D:12     | Noticed Fuwneuff's ghost (journeyman DsWn)
 29503 | D:13     | Noticed Azrael
 29518 | D:13     | Reached skill level 15 in Polearms
 29535 | D:13     | Killed Azrael
 30265 | D:14     | Gained mutation: You have razor-sharp toenails. [demonic
                  | ancestry]
 30265 | D:14     | Reached XP level 15. HP: 74/122 MP: 22/22
 30536 | D:14     | Noticed a frost giant
 30540 | D:14     | Noticed Snorg
 30587 | D:14     | Reached skill level 10 in Evocations
 30649 | D:14     | Killed Snorg
 30691 | D:14     | Annihilated by an ettin

Levels and vault maps discovered:
D:1:      lightli_molten_gateway, layout_basic
D:2:      layout_rooms, gammafunk_temple_overflow_elements,
          fedhas_ov_isle_minmay
D:3:      layout_rooms, uniq_grinder
D:4:      layout_rooms, overflow_temple_1_default, minmay_pentangle
D:5:      layout_gridville, first_ration, minmay_divided_ellipse
D:6:      layout_gridville, uniq_pikel, uniq_prince_ribbit1, uniq_duvessa
D:7:      layout_basic, minmay_temple_entry_arrows
D:8:      layout_gridville, nicolae_tso_swordbearing_angel,
          lemuel_crystal_altar, grunt_pizzeria, minivault_24, uniq_harold
D:9:      layout_loops_ring, led_sif_pool, orc_0_dummy, grunt_ministairs_10,
          uniq_psyche
D:10:     layout_roguey, minmay_lair_entry_grove, uniq_josephine, uniq_nergalle
D:11:     layout_loops_ring, serial_shops, shop
D:12:     layout_small_grid, hellmonk_ghost_happy_afterlife, minmay_shop_mayhem
D:13:     layout_cave_pods, nrook_mini_backslash, st_stairs_7, drop_trap,
          uniq_azrael
D:14:     hangedman_what_comes_after_a, layout_long_grid, david_vaults_5,
          nicolae_ru_path_of_blood, uniq_rupert, uniq_snorg
Lair:1:   layout_roguey, chequers_serial_rivers_marsh, serial_bayou_shore_b,
          infiniplex_staircase_pool_2, grunt_megastairs_5
Lair:2:   layout_gridlike, basic_altar, serial_bayou_shore_b,
          grunt_megastairs_4, serial_bayou_shore_b
Lair:3:   layout_misc_corridors, palyth_hydra_swamp_entry, lemuel_fruit_fields,
          lemuel_fruit_fields
Lair:4:   layout_gridlike, guppyfry_snake_entry_island
Lair:5:   layout_loops_ring, slime_altar_1, ldierk_geyser,
          chequers_serial_rivers_small_3, minivault_24
Lair:6:   due_jungle_book, layout_regular_city, serial_bayou_shore_a
Orc:1:    layout_caves
Orc:2:    st_orc_town, layout_caves, hangedman_minor_magic

Skill      XL: |  1  2  3  4  5  6  7  8  9 10 11 12 13 14 15 |
---------------+----------------------------------------------+-----
Polearms       | 2 3 4 5 7 9 10 11 12 13 14 15 | 15.2
Fighting       | 4 5 6 7 9 10 11 12 | 12.7
Evocations     | 2 4 5 7 8 9 10 | 10.0
Armour         | 3 4 6 7 8 9 |  9.5
Dodging        | 2 4 5 6 8 9 |  9.3
Shields        | |  2.7

Action                   |  1- 3 |  4- 6 |  7- 9 | 10-12 | 13-15 || total
-------------------------+-------+-------+-------+-------+-------++-------
Melee: Trident           |   125 |   100 |   474 |       |     2 ||   701
       Kick              |       |    23 |   128 |   248 |   457 ||   856
       Halberd           |       |       |    60 |   823 |   630 ||  1513
       Glaive            |       |       |       |       |   758 ||   758
       Quarterstaff      |       |       |       |       |    17 ||    17
Throw: Throwing net      |       |       |       |     2 |       ||     2
Invok: Potion Petition   |       |       |     2 |     3 |     7 ||    12
       Call Merchant     |       |       |       |     1 |     1 ||     2
Evoke: Wand              |       |       |       |    21 |    26 ||    47
       Box of beasts     |       |       |       |       |     4 ||     4
       Phial of floods   |       |       |       |       |     1 ||     1
  Use: Potion            |     2 |     1 |     6 |     5 |    14 ||    28
       Scroll            |       |       |       |    11 |    17 ||    28
 Stab: Invisible         |       |       |     1 |       |     3 ||     4
       Distracted        |       |       |     1 |     1 |     8 ||    10
       Held in net/web   |       |       |       |     1 |       ||     1
       Paralysed         |       |       |       |     5 |    11 ||    16
  Eat: Chunk             |     2 |     4 |     2 |       |       ||     8
       Ration            |       |       |     4 |    10 |    12 ||    26
Armor: Scale mail        |    48 |    20 |   167 |    52 |       ||   287
       Chain mail        |       |       |       |   330 |    69 ||   399
       Plate armour      |       |       |       |       |   483 ||   483
Dodge: Dodged            |    27 |    19 |   118 |   386 |   598 ||  1148
Block: Shield            |    44 |    34 |   164 |       |       ||   242
       Other             |       |       |       |       |    18 ||    18
       Reflection        |       |       |       |       |     1 ||     1

Table legend:
 A = Non-vault XP
 B = Vault XP
 C = Vault XP percentage of total XP
 D = Non-vault monster count
 E = Vault monster count
 F = Vault count percentage of total count
                 A         B        C        D         E       F
            +---------+---------+-------+---------+---------+-------
      Total |   72641 |   34708 |  32.3 |     496 |     180 |  26.6
            +---------+---------+-------+---------+---------+-------
        D:1 |      16 |       0 |   0.0 |      13 |       0 |   0.0
        D:2 |      70 |       0 |   0.0 |      13 |       0 |   0.0
        D:3 |      98 |     281 |  74.1 |      21 |       1 |   4.5
        D:4 |     271 |      10 |   3.6 |      11 |       4 |  26.7
        D:5 |     488 |     818 |  62.6 |      15 |      10 |  40.0
        D:6 |     758 |     515 |  40.5 |      24 |       3 |  11.1
        D:7 |     839 |       0 |   0.0 |      23 |       0 |   0.0
        D:8 |     761 |    1167 |  60.5 |      21 |       2 |   8.7
        D:9 |    2015 |     549 |  21.4 |      35 |       2 |   5.4
       D:10 |    4991 |    4161 |  45.5 |      39 |      19 |  32.8
       D:11 |    4870 |       0 |   0.0 |      34 |       0 |   0.0
       D:12 |    4867 |       0 |   0.0 |      24 |       0 |   0.0
       D:13 |    5173 |    2495 |  32.5 |      22 |       9 |  29.0
       D:14 |    3575 |    8089 |  69.4 |      10 |      41 |  80.4
     Lair:1 |    4390 |       0 |   0.0 |      18 |       0 |   0.0
     Lair:2 |    3975 |     501 |  11.2 |      19 |       2 |   9.5
     Lair:3 |    4249 |    2593 |  37.9 |      13 |       5 |  27.8
     Lair:4 |    4498 |     157 |   3.4 |      23 |       1 |   4.2
     Lair:5 |    8742 |     494 |   5.3 |      30 |       1 |   3.2
     Lair:6 |   12985 |    2427 |  15.7 |      37 |       4 |   9.8
      Orc:1 |    3400 |    2755 |  44.8 |      32 |       8 |  20.0
      Orc:2 |    1610 |    7696 |  82.7 |      19 |      68 |  78.2
            +---------+---------+-------+---------+---------+-------
